 Dungeon Crawl Stone Soup version 0.18.1-50-g88ac8fd (webtiles) character file.

494 ilirakshe the Cudgeler (level 6, -1/56 HPs)
             Began as a Minotaur Berserker on Oct 27, 2016.
             Slain by Grinder (2 damage)
             ... on level 4 of the Dungeon on Oct 29, 2016.
             The game lasted 00:21:12 (3208 turns).

ilirakshe the Cudgeler (Minotaur Berserker)         Turns: 3208, Time: 00:21:13

Health: -1/56      AC: 11    Str: 23    XL:     6   Next: 92%
Magic:  5/5        EV:  7    Int:  4    God:    Xom [...*..]
Gold:   49         SH:  0    Dex: 10    Spells: 0 memorised, 5 levels left

rFire  . . .     SeeInvis .     e - +0 mace
rCold  . . .     Gourm    .     v - +0 plate armour
rNeg   . . .     Faith    .     (no shield)
rPois  .         Spirit   .     I - +0 hat {MR+}
rElec  .         Dismiss  +     (no cloak)
rCorr  .         Reflect  .     (no gloves)
SustAt .         Harm     .     (no boots)
MR     +....                    g - amulet of dismissal
Stlth  ..........               (no ring)
                                (no ring)

@: somewhat resistant to hostile enchantments, extremely unstealthy
A: retaliatory headbutt, horns 2
a: Renounce Religion


You were on level 4 of the Dungeon.
You worshipped Xom.
You were a favourite toy of Xom.
You were very hungry.

You visited 2 branches of the dungeon, and saw 5 of its levels.

You collected 165 gold pieces.
You spent 116 gold pieces at shops.

Inventory:

Hand Weapons
 a - a +0 mace
 e - a +0 mace (weapon)
 f - a +0 hand axe
 i - a +0 spear
 t - a cursed -2 whip
 u - a +0 hand axe
 w - a +0 hand axe
 A - a +0 rapier
 G - a +0 hunting sling
 J - a +0 spear
Missiles
 p - 21 arrows
 x - 33 poisoned needles
 C - 14 stones (quivered)
Armour
 b - a +0 animal skin
 l - a +0 robe
 m - a +0 ring mail
 q - a +0 leather armour
 v - a +0 plate armour (worn)
 B - a +0 leather armour
 I - a +0 hat of magic resistance (worn)
Jewellery
 g - an amulet of dismissal (around neck)
 F - a +3 amulet of reflection {unknown}
Scrolls
 c - a scroll of magic mapping {unknown}
 d - 3 scrolls of teleportation
 j - a scroll of amnesia {unknown}
 o - 3 scrolls of identify {unknown}
 D - a scroll of fog {unknown}
 H - a scroll of remove curse
Potions
 h - 2 potions of degeneration {unknown}
 k - 4 potions of lignification {unknown}
 s - 4 potions of curing {unknown}
 z - a potion of ambrosia {unknown}
Books
 y - a book of Maledictions

   Spells                             Type                      Level
   a - Corona                         Hexes                        1
   b - Ensorcelled Hibernation        Hexes/Ice                    2
   c - Confuse                        Hexes                        3
   d - Tukima's Dance                 Hexes                        3
   e - Dazzling Spray                 Conjuration/Hexes            3
Comestibles
 n - a fruit
 r - a meat ration
 E - a bread ration
 K - 3 chunks of flesh


   Skills:
 + Level 5.6 Fighting
 * Level 6.7 Maces & Flails
 + Level 4.3 Armour
 - Level 3.5 Dodging
 - Level 0.5 Stealth


You had 5 spell levels left.
You didn't know any spells.

Dungeon Overview and Level Annotations

Branches:
Dungeon (4/15)             Temple (1/1) D:4

Altars:
Ashenzari
Cheibriados
Dithmenos
Elyvilon
Fedhas
Gozag
Kikubaaqudgha
Makhleb
Nemelex Xobeh
Okawaru
Qazlal
Ru
Sif Muna
Trog
Vehumet
Xom
Yredelemnul
Zin
The Shining One

Shops:
D:4 *?[

Annotations:
D:4 Grinder; loom's ghost, amateur MiFi


Innate Abilities, Weirdness & Mutations

You reflexively headbutt those who attack you in melee.
You have a pair of horns on your head.


Message History

Grinder hits you but does no damage. The orc barely misses you.
Grinder hits you.
You writhe in agony.
Grinder hits you.
You writhe in agony.
You hit the orc. You headbutt the orc.
You kill the orc!
You feel sick.
You are no longer poisoned.
Grinder gestures at you. You resist with almost no effort. Grinder hits you.
* * * LOW HITPOINT WARNING * * *
You writhe in agony.
* * * LOW HITPOINT WARNING * * *
Things that are here:
a mace; a leather armour Grinder hits you.
* * * LOW HITPOINT WARNING * * *
You writhe in agony.
You die...
Xom chortles!

######## ######
#......#
##..%.####.....# ..
#.8..8.# ##....#
... #...... ##...#
.. #....# ##..# .#
# #.##o### ####.#
.#
#.##'5##.###...###
.+
#...)@.#.'.###..#
.#
#.##'[##.###...#.#
.## #.##.###
####..# ..## #....#
##...### ...##
#.?....# ##......#
....## #.8..8.#
##.......# .....#
##....####........#
...... ####
########.........#
###### #..#
#...<.......#


You could see Grinder.

Vanquished Creatures
  A scorpion (D:4)
  The ghost of sheala the Magician, a weakling DEWz (D:3)
  A hound (D:4)
  3 orc priests (D:3)
  An orc wizard (D:4)
  5 worker ants (D:4)
  5 adders
  An adder zombie (D:4)
  An adder skeleton (D:3)
  3 worms
  2 dart slugs
  3 giant geckos
  15 orcs
  2 giant cockroaches (D:2)
  7 goblins
  6 hobgoblins
  5 jackals
  A quokka (D:3)
  7 bats
  4 giant newts (D:2)
  3 kobolds
  A quokka skeleton (D:3)
  A rat (D:3)
79 creatures vanquished.

Vanquished Creatures (others)
  A kobold (D:2)
1 creature vanquished.

Grand Total: 80 creatures vanquished

Notes
Turn   | Place    | Note
--------------------------------------------------------------
     0 | D:1      | ilirakshe the Minotaur Berserker began the quest for the Orb.
     0 | D:1      | Reached XP level 1. HP: 19/19 MP: 0/0
   208 | D:1      | Reached XP level 2. HP: 27/27 MP: 1/1
   337 | D:2      | Reached skill level 4 in Maces & Flails
   475 | D:2      | Reached XP level 3. HP: 22/33 MP: 2/2
   920 | D:2      | Reached ** piety under Trog
  1093 | D:3      | Reached XP level 4. HP: 29/41 MP: 3/3
  1225 | D:3      | Reached skill level 5 in Maces & Flails
  1225 | D:3      | Reached XP level 5. HP: 11/47 MP: 4/4
  1483 | D:3      | Reached skill level 5 in Fighting
  1701 | D:3      | Noticed sheala's ghost (weakling DEWz)
  1706 | D:3      | Killed sheala's ghost
  1813 | D:3      | Found a faded altar to an unknown god.
  1876 | D:3      | Fell from the grace of Trog
  1876 | D:3      | Became a worshipper of Ru the Awakened
  1876 | D:3      | Fell from the grace of Ru
  2244 | D:3      | Became a worshipper of Ru the Awakened
  2285 | D:4      | Noticed loom's ghost (amateur MiFi)
  2315 | D:4      | Found Zaunyzub's Magic Scroll Shoppe.
  2353 | D:4      | Reached XP level 6. HP: 35/56 MP: 5/5
  2452 | D:4      | Found Xoxuaxt's Assorted Antiques.
  2471 | D:4      | Found a radiant altar of Vehumet.
  2496 | D:4      | Reached skill level 6 in Maces & Flails
  2497 | D:4      | Found a blossoming altar of Fedhas.
  2497 | D:4      | Found a shadowy altar of Dithmenos.
  2497 | D:4      | Found a shimmering altar of Xom.
  2497 | D:4      | Found a glowing golden altar of the Shining One.
  2503 | D:4      | Found a sparkling altar of Nemelex Xobeh.
  2504 | D:4      | Found a white marble altar of Elyvilon.
  2513 | D:4      | Fell from the grace of Ru
  2513 | D:4      | Became a worshipper of Xom of Chaos
  2615 | D:4      | XOM: harmless Necr miscast
  2759 | D:4      | XOM: harmless Summ miscast
  2810 | D:4      | Found a staircase to the Ecumenical Temple.
  2878 | Temple   | XOM: stealth player
  2878 | Temple   | Entered the Ecumenical Temple
  2933 | D:4      | Found Qisoaruck's Antique Armour Shop.
  2962 | D:4      | XOM: colour smoke trail
  2972 | D:4      | Bought a glowing hat for 116 gold pieces
  3039 | D:4      | XOM: silly message
  3198 | D:4      | Noticed Grinder
  3208 | D:4      | HP: 1/56 [Grinder (6)]
  3208 | D:4      | Slain by Grinder

Skill      XL: |  1  2  3  4  5  6 |
---------------+-------------------+-----
Fighting       | 4 5 |  5.6
Maces & Flails | 4 5 6 |  6.7
Armour         | 3 4 |  4.3
Dodging        | 3 |  3.5
Stealth        | |  0.5

Action                   |  1- 3 |  4- 6 || total
-------------------------+-------+-------++-------
Melee: Mace              |    49 |   142 ||   191
       Headbutt          |     8 |    32 ||    40
Invok: Renounce Religion |       |     1 ||     1
  Use: Scroll            |       |     2 ||     2
  Eat: Chunk             |       |     1 ||     1
       Bread ration      |       |     1 ||     1
       Fruit             |       |     1 ||     1
Armor: Animal skin       |    10 |       ||    10
       Plate armour      |     9 |    94 ||   103
Dodge: Dodged            |    44 |    62 ||   106
